| TOP OF THE 1ST |
|
State College Spikes batting - Pitching for Eugene Emeralds : RHP Robbie Schoen
|
|
Pitching: RHP Robbie Schoen
|
|
|
Batting: RHB Tim Cleary
|
0-0: Ball 1-0: Ball 2-0: Foul Ball, location: 2F 2-1: Swinging Strike 2-2: Ball 3-2: Base on Balls
|
|
Batting: RHB Tim Jobe
|
0-0: Ball 1-0: SINGLE (Groundball, 3S, EV 67.5 MPH) (infield hit) Tim Cleary to second
|
|
Batting: RHB Sam Daw
|
0-0: Ball 1-0: Called Strike 1-1: Reached on error, E5 (Groundball, 56S, EV 91.2 MPH) Tim Cleary to third Tim Jobe to second
|
|
Batting: LHB Ignacio Ocampo
|
0-0: Ball 1-0: Ball 2-0: Called Strike 2-1: Foul Ball, location: 2F 2-2: Strikes out swinging
|
|
Batting: RHB Roberto Ruiz
|
0-0: Ball 1-0: Ball 2-0: Ball 3-0: Base on Balls Tim Cleary scores Tim Jobe to third Sam Daw to second
|
|
Batting: LHB Jorge Zarazua
|
0-0: Ball 1-0: Ball 2-0: Foul Ball, location: 2F 2-1: Foul Ball, location: 2F 2-2: Grounds into double play, 1-2-3 (Groundball, 13S, EV 70.0 MPH)
|
| Top of the 1st over - 1 run, 1 hit, 1 error, 2 left on base; State College 1 - Eugene 0 |
| BOTTOM OF THE 1ST |
|
Eugene Emeralds batting - Pitching for State College Spikes : RHP T.J. Stahlman
|
|
Pitching: RHP T.J. Stahlman
|
|
|
Batting: LHB Emir Jalil
|
0-0: Ball 1-0: Fly out, F7 (Flyball, 78M, EV 92.5 MPH)
|
|
Batting: RHB Ricky Ramirez
|
0-0: Ball 1-0: Called Strike 1-1: Swinging Strike 1-2: Strikes out swinging
|
|
Batting: LHB Wing-tat Tai
|
0-0: Called Strike 0-1: Foul Ball, location: 2F 0-2: Ball 1-2: Foul Ball, location: 2F 1-2: Foul Ball, location: 2F 1-2: Foul Ball, location: 2F 1-2: Ball 2-2: Ball 3-2: Ground out 4-3 (Groundball, 4, EV 103.8 MPH)
|
| Bottom of the 1st over - 0 runs, 0 hits, 0 errors, 0 left on base; State College 1 - Eugene 0 |
| TOP OF THE 2ND |
|
State College Spikes batting - Pitching for Eugene Emeralds : RHP Robbie Schoen
|
|
Batting: SHB Justin Towry
|
0-0: Called Strike 0-1: SINGLE (Groundball, 56D, EV 95.6 MPH)
|
|
Batting: RHB Kyle Burns
|
0-0: Ball 1-0: Swinging Strike 1-1: Ball Justin Towry steals 2nd base 2-1: Foul Ball, location: 2F 2-2: Ball 3-2: Foul Ball, location: 2F 3-2: Foul Ball, location: 2F 3-2: Base on Balls
|
|
Batting: RHB Ben Politi
|
0-0: Called Strike 0-1: Ball 1-1: Ball 2-1: Foul Ball, location: 2F 2-2: Strikes out swinging
|
|
Batting: RHB Tim Cleary
|
0-0: Ball 1-0: Ball 2-0: Ball 3-0: Called Strike 3-1: Base on Balls Justin Towry to third Kyle Burns to second
|
|
Batting: RHB Tim Jobe
|
0-0: Ball 1-0: Ball 2-0: Foul Ball, location: 2F 2-1: Called Strike 2-2: Foul Ball, location: 2F 2-2: Foul Ball, location: 2F 2-2: Ball Wild Pitch! Justin Towry scores Kyle Burns to third Tim Cleary to second 3-2: Base on Balls
|
|
Batting: RHB Sam Daw
|
0-0: Called Strike 0-1: Swinging Strike 0-2: Foul Ball, location: 2F 0-2: Ball 1-2: Strikes out swinging
|
|
Batting: LHB Ignacio Ocampo
|
0-0: Ball 1-0: DOUBLE (Flyball, 8LXD, EV 103.8 MPH) Kyle Burns scores Tim Cleary scores Tim Jobe to third
|
|
Batting: RHB Roberto Ruiz
|
0-0: Ball 1-0: Ball 2-0: Ball 3-0: Called Strike 3-1: Base on Balls
|
|
Batting: LHB Jorge Zarazua
|
0-0: Called Strike 0-1: Foul Ball, location: 2F 0-2: Fly out, F7 (Line Drive, 7, EV 89.4 MPH)
|
| Top of the 2nd over - 3 runs, 2 hits, 0 errors, 3 left on base; State College 4 - Eugene 0 |
| BOTTOM OF THE 2ND |
|
Eugene Emeralds batting - Pitching for State College Spikes : RHP T.J. Stahlman
|
|
Batting: RHB Mike Hill
|
0-0: SINGLE (Groundball, 34D, EV 95.6 MPH)
|
|
Batting: RHB Josh Asch
|
0-0: Ball Mike Hill is caught stealing 2nd base 2-4 1-0: Called Strike 1-1: Ball 2-1: Foul Ball, location: 2F 2-2: Strikes out swinging
|
|
Batting: RHB Jorge Lagunas
|
0-0: Ground out 6-3 (Groundball, 6, EV 91.2 MPH)
|
| Bottom of the 2nd over - 0 runs, 1 hit, 0 errors, 0 left on base; State College 4 - Eugene 0 |
| TOP OF THE 3RD |
|
State College Spikes batting - Pitching for Eugene Emeralds : RHP Robbie Schoen
|
|
Batting: SHB Justin Towry
|
0-0: Ball 1-0: Foul Ball, location: 2F 1-1: SOLO HOME RUN (Flyball, 9LD, EV 93.1 MPH), Distance : 358 ft
|
|
Pitching: RHP Victor de Leon
|
|
|
Batting: RHB Kyle Burns
|
0-0: Foul Ball, location: 2F 0-1: Ball 1-1: Swinging Strike 1-2: Foul Ball, location: 2F 1-2: Ball 2-2: Foul Ball, location: 2F 2-2: Foul Ball, location: 2F 2-2: Fly out, F9 (Flyball, 9, EV 88.1 MPH)
|
|
Batting: RHB Ben Politi
|
0-0: Foul Ball, location: 2F 0-1: Ball 1-1: Foul Ball, location: 2F 1-2: Strikes out swinging, 2-3 out at first.
|
|
Batting: RHB Tim Cleary
|
0-0: Ball 1-0: Fly out, F3 (Popup, 3F, EV 81.9 MPH)
|
| Top of the 3rd over - 1 run, 1 hit, 0 errors, 0 left on base; State College 5 - Eugene 0 |
| BOTTOM OF THE 3RD |
|
Eugene Emeralds batting - Pitching for State College Spikes : RHP T.J. Stahlman
|
|
Batting: RHB Dave de Wolff
|
0-0: Swinging Strike 0-1: Ball 1-1: Called Strike 1-2: Reached on error, E4 (Groundball, 4M, EV 106.2 MPH)
|
|
Batting: RHB David Bousfield
|
0-0: Called Strike 0-1: Ball 1-1: Ball 2-1: Foul Ball, location: 2F 2-2: Foul Ball, location: 2F 2-2: Strikes out looking
|
|
Batting: RHB Dan Orozco
|
0-0: Swinging Strike 0-1: Ball 1-1: Ball 2-1: Foul Ball, location: 2F 2-2: Strikes out swinging
|
|
Batting: LHB Emir Jalil
|
0-0: Hit by Pitch
|
|
Batting: RHB Ricky Ramirez
|
0-0: Ball 1-0: Ground out 6-3 (Groundball, 56, EV 96.2 MPH)
|
| Bottom of the 3rd over - 0 runs, 0 hits, 1 error, 2 left on base; State College 5 - Eugene 0 |
| TOP OF THE 4TH |
|
State College Spikes batting - Pitching for Eugene Emeralds : RHP Victor de Leon
|
|
Batting: RHB Tim Jobe
|
0-0: Ball 1-0: Ground out U3 (Groundball, 3, EV 83.8 MPH)
|
|
Batting: RHB Sam Daw
|
0-0: Ball 1-0: Called Strike 1-1: Ball 2-1: Foul Ball, location: 2F 2-2: Strikes out swinging
|
|
Batting: LHB Ignacio Ocampo
|
0-0: Ball 1-0: Ball 2-0: Called Strike 2-1: Ball 3-1: Base on Balls
|
|
Pitching: RHP Francisco Landin
|
|
|
Batting: RHB Roberto Ruiz
|
0-0: Ball 1-0: Called Strike Ignacio Ocampo steals 2nd base (no throw) 1-1: Swinging Strike 1-2: Ball 2-2: Ball 3-2: Base on Balls
|
|
Batting: LHB Jorge Zarazua
|
0-0: Ball 1-0: Swinging Strike 1-1: Ball 2-1: Foul Ball, location: 2F 2-2: Strikes out swinging
|
| Top of the 4th over - 0 runs, 0 hits, 0 errors, 2 left on base; State College 5 - Eugene 0 |
| BOTTOM OF THE 4TH |
|
Eugene Emeralds batting - Pitching for State College Spikes : RHP T.J. Stahlman
|
|
Batting: LHB Wing-tat Tai
|
0-0: Ball 1-0: Ball 2-0: Called Strike 2-1: Ground out 4-3 (Groundball, 34D, EV 102.5 MPH)
|
|
Batting: RHB Mike Hill
|
0-0: Called Strike 0-1: Ball 1-1: Hit by Pitch
|
|
Batting: RHB Josh Asch
|
0-0: Foul Ball, location: 2F 0-1: Ball 1-1: Swinging Strike 1-2: Foul Ball, location: 2F 1-2: DOUBLE (Flyball, 89D, EV 102.5 MPH) Mike Hill to third
|
|
Batting: RHB Jorge Lagunas
|
0-0: Called Strike 0-1: Foul Ball, location: 2F 0-2: Ball 1-2: Foul Ball, location: 2F 1-2: Ball 2-2: Foul Ball, location: 2F 2-2: Ball 3-2: SINGLE (Line Drive, 89M, EV 87.5 MPH) Mike Hill scores Josh Asch to third
|
|
Batting: RHB Dave de Wolff
|
0-0: Called Strike 0-1: Ball 1-1: Called Strike 1-2: Ball 2-2: Foul Ball, location: 2F 2-2: Strikes out looking
|
|
Batting: RHB David Bousfield
|
0-0: Ball Jorge Lagunas steals 2nd base 1-0: Ball 2-0: Called Strike 2-1: Foul Ball, location: 2F 2-2: Ground out 1-3 (Groundball, P, EV 69.4 MPH)
|
| Bottom of the 4th over - 1 run, 2 hits, 0 errors, 2 left on base; State College 5 - Eugene 1 |
| TOP OF THE 5TH |
|
State College Spikes batting - Pitching for Eugene Emeralds : RHP Francisco Landin
|
|
Batting: SHB Justin Towry
|
0-0: Ball 1-0: Foul Ball, location: 2F 1-1: Ball 2-1: Ball 3-1: Base on Balls
|
|
Batting: RHB Kyle Burns
|
0-0: SINGLE (Groundball, 34D, EV 101.2 MPH) Justin Towry to second Runner from 2nd tries for 3rd, SAFE, throw by RF made to third
|
|
Batting: RHB Ben Politi
|
0-0: SINGLE (Groundball, 3S, EV 66.2 MPH) (infield hit) Justin Towry scores Kyle Burns to second
|
|
Batting: RHB Tim Cleary
|
0-0: Foul Ball, location: 2F 0-1: Ball 1-1: SINGLE (Groundball, 56D, EV 99.4 MPH) Kyle Burns to third Ben Politi to second
|
|
Batting: RHB Tim Jobe
|
0-0: Foul Ball, location: 2F 0-1: Foul Ball, location: 2F 0-2: Strikes out swinging
|
|
Batting: RHB Sam Daw
|
0-0: Ball 1-0: Fielders Choice at 2nd, 4-6 (Groundball, 4S, EV 81.9 MPH) Kyle Burns scores Ben Politi to third
|
|
Batting: LHB Ignacio Ocampo
|
0-0: Called Strike 0-1: Ball 1-1: Fly out, F8 (Line Drive, 8RS, EV 95.6 MPH)
|
| Top of the 5th over - 2 runs, 3 hits, 0 errors, 2 left on base; State College 7 - Eugene 1 |
| BOTTOM OF THE 5TH |
|
Eugene Emeralds batting - Pitching for State College Spikes : RHP T.J. Stahlman
|
|
Batting: RHB Dan Orozco
|
0-0: Ball 1-0: Called Strike 1-1: Ball 2-1: Ball 3-1: Called Strike 3-2: Base on Balls
|
|
Batting: LHB Emir Jalil
|
Pickoff Play to 1st, Runner tries for 2nd, OUT after rundown. 0-0: Ground out U3 (Groundball, 3, EV 88.1 MPH)
|
|
Batting: RHB Ricky Ramirez
|
0-0: Called Strike 0-1: Ball 1-1: Called Strike 1-2: Ball 2-2: Strikes out swinging
|
| Bottom of the 5th over - 0 runs, 0 hits, 0 errors, 0 left on base; State College 7 - Eugene 1 |
| TOP OF THE 6TH |
|
State College Spikes batting - Pitching for Eugene Emeralds : RHP Francisco Landin
|
|
Batting: RHB Roberto Ruiz
|
0-0: Foul Ball, location: 2F 0-1: Ground out 5-3 (Groundball, 56S, EV 72.5 MPH)
|
|
Pitching: RHP Brian Jarrett
|
|
|
Batting: LHB Jorge Zarazua
|
0-0: Ball 1-0: Ball 2-0: Called Strike 2-1: Ball 3-1: SINGLE (Flyball, 3D, EV 91.9 MPH)
|
|
Batting: SHB Justin Towry
|
0-0: Called Strike 0-1: Foul Ball, location: 2F 0-2: Ball 1-2: Strikes out looking
|
|
Batting: RHB Kyle Burns
|
0-0: Ball 1-0: Ball 2-0: Ball 3-0: Base on Balls Jorge Zarazua to second
|
|
Batting: RHB Ben Politi
|
0-0: Ball 1-0: Foul Ball, location: 2F 1-1: Ball 2-1: Foul Ball, location: 2F 2-2: Strikes out swinging
|
| Top of the 6th over - 0 runs, 1 hit, 0 errors, 2 left on base; State College 7 - Eugene 1 |
| BOTTOM OF THE 6TH |
|
Eugene Emeralds batting - Pitching for State College Spikes : RHP T.J. Stahlman
|
|
Batting: LHB Wing-tat Tai
|
0-0: Foul Ball, location: 2F 0-1: Foul Ball, location: 2F 0-2: Ground out 6-3 (Groundball, 6, EV 111.2 MPH)
|
|
Batting: RHB Mike Hill
|
0-0: Called Strike 0-1: Ground out U3 (Groundball, 3, EV 105.0 MPH)
|
|
Batting: RHB Josh Asch
|
0-0: DOUBLE (Groundball, 5L, EV 102.5 MPH)
|
|
Batting: RHB Jorge Lagunas
|
0-0: Ball 1-0: Foul Ball, location: 2F 1-1: Ball 2-1: Swinging Strike 2-2: Foul Ball, location: 2F 2-2: SINGLE (Groundball, 6MS, EV 70.0 MPH) (infield hit) Josh Asch to third
|
|
Batting: RHB Dave de Wolff
|
0-0: Called Strike 0-1: SINGLE (Line Drive, 7LS, EV 103.1 MPH) Josh Asch scores Jorge Lagunas to second
|
|
Batting: RHB David Bousfield
|
0-0: Swinging Strike 0-1: Ball 1-1: Fielders Choice at 2nd, 6-4 (Groundball, 6, EV 90.0 MPH)
|
| Bottom of the 6th over - 1 run, 3 hits, 0 errors, 2 left on base; State College 7 - Eugene 2 |
| TOP OF THE 7TH |
|
State College Spikes batting - Pitching for Eugene Emeralds : RHP Brian Jarrett
|
|
Batting: RHB Tim Cleary
|
0-0: Ball 1-0: Ball 2-0: SOLO HOME RUN (Flyball, 7D, EV 96.2 MPH), Distance : 349 ft
|
|
Pitching: RHP Reginald Bamber
|
|
|
Batting: RHB Tim Jobe
|
0-0: Ball 1-0: Swinging Strike 1-1: Called Strike 1-2: Foul Ball, location: 2F 1-2: SINGLE (Groundball, 34D, EV 95.0 MPH)
|
|
Batting: RHB Sam Daw
|
0-0: Ball 1-0: Ball 2-0: Called Strike 2-1: Swinging Strike 2-2: Ball 3-2: Foul Ball, location: 2F 3-2: Foul Ball, location: 2F 3-2: Foul Ball, location: 2F 3-2: Strikes out swinging
|
|
Batting: LHB Ignacio Ocampo
|
Balk! Tim Jobe to second 0-0: Ball 1-0: Called Strike 1-1: TRIPLE (Flyball, 8LXD, EV 113.1 MPH) Tim Jobe scores
|
|
Batting: RHB Roberto Ruiz
|
0-0: Ball 1-0: Swinging Strike 1-1: Foul Ball, location: 2F 1-2: Ball 2-2: Ball 3-2: Base on Balls
|
|
Pitching: LHP Wilhelm Myers
|
|
|
Batting: LHB Jorge Zarazua
|
0-0: Swinging Strike 0-1: DOUBLE (Groundball, 3L, EV 101.2 MPH) Ignacio Ocampo scores Roberto Ruiz to third
|
|
Batting: SHB Justin Towry
|
0-0: Called Strike 0-1: Fly out, F4 (Popup, 3S, EV 64.4 MPH)
|
|
Batting: RHB Kyle Burns
|
0-0: Ball Wild Pitch! Roberto Ruiz scores Jorge Zarazua to third 1-0: Ground out 5-3 (Groundball, 56S, EV 88.8 MPH)
|
| Top of the 7th over - 4 runs, 4 hits, 0 errors, 1 left on base; State College 11 - Eugene 2 |
| BOTTOM OF THE 7TH |
|
Eugene Emeralds batting - Pitching for State College Spikes : RHP T.J. Stahlman
|
|
Batting: RHB Dan Orozco
|
0-0: Ball 1-0: Ground out 6-3 (Groundball, 6, EV 104.4 MPH)
|
|
Batting: LHB Emir Jalil
|
0-0: Ball 1-0: Fly out, F4 (Line Drive, 4, EV 67.5 MPH)
|
|
Batting: RHB Ricky Ramirez
|
0-0: Called Strike 0-1: Ball 1-1: Ground out 6-3 (Groundball, 56, EV 105.0 MPH)
|
| Bottom of the 7th over - 0 runs, 0 hits, 0 errors, 0 left on base; State College 11 - Eugene 2 |
| TOP OF THE 8TH |
|
State College Spikes batting - Pitching for Eugene Emeralds : LHP Wilhelm Myers
|
|
Batting: RHB Ben Politi
|
0-0: Ball 1-0: Called Strike 1-1: Called Strike 1-2: Ball 2-2: Ball 3-2: Strikes out swinging
|
|
Batting: RHB Tim Cleary
|
0-0: Foul Ball, location: 2F 0-1: Ground out 4-3 (Groundball, 34D, EV 95.0 MPH)
|
|
Batting: RHB Tim Jobe
|
0-0: SINGLE (Flyball, 89S, EV 98.8 MPH)
|
|
Batting: RHB Sam Daw
|
0-0: Ball 1-0: DOUBLE (Line Drive, 7LM, EV 108.8 MPH) Tim Jobe to third
|
|
Batting: LHB Ignacio Ocampo
|
0-0: Swinging Strike 0-1: Ball 1-1: Ball 2-1: Ball 3-1: Called Strike 3-2: Strikes out swinging
|
| Top of the 8th over - 0 runs, 2 hits, 0 errors, 2 left on base; State College 11 - Eugene 2 |
| BOTTOM OF THE 8TH |
|
Eugene Emeralds batting - Pitching for State College Spikes : RHP T.J. Stahlman
|
|
Pitching: RHP Howie Seidler
|
|
|
Batting: LHB Wing-tat Tai
|
0-0: Foul Ball, location: 2F 0-1: Ball 1-1: Foul Ball, location: 2F 1-2: SINGLE (Groundball, 56D, EV 101.2 MPH)
|
|
Batting: RHB Mike Hill
|
0-0: Called Strike 0-1: Fielders Choice at 2nd, 5-4 (Groundball, 56, EV 105.0 MPH)
|
|
Batting: RHB Josh Asch
|
0-0: SINGLE (Groundball, 34D, EV 112.5 MPH) Mike Hill to second Runner from 2nd tries for 3rd, SAFE, throw by RF made to third
|
|
Batting: RHB Jorge Lagunas
|
0-0: Foul Ball, location: 2F 0-1: Called Strike 0-2: Strikes out swinging
|
|
Batting: RHB Dave de Wolff
|
0-0: Ground out 5-3 (Groundball, 5S, EV 66.2 MPH)
|
| Bottom of the 8th over - 0 runs, 2 hits, 0 errors, 2 left on base; State College 11 - Eugene 2 |
| TOP OF THE 9TH |
|
State College Spikes batting - Pitching for Eugene Emeralds : LHP Wilhelm Myers
|
|
Pitching: LHP Jose Gutierres
|
|
|
Batting: RHB Roberto Ruiz
|
0-0: Called Strike 0-1: Ball 1-1: Called Strike 1-2: Foul Ball, location: 2F 1-2: Ball 2-2: Ball 3-2: Foul Ball, location: 2F 3-2: Base on Balls
|
|
Batting: LHB Jorge Zarazua
|
0-0: Ball 1-0: Ball 2-0: Swinging Strike 2-1: Called Strike 2-2: Strikes out looking
|
|
Batting: SHB Justin Towry
|
0-0: Fly out, F6 (Popup, 56, EV 65.6 MPH)
|
|
Batting: RHB Kyle Burns
|
0-0: Ball 1-0: Ball 2-0: Called Strike 2-1: Called Strike 2-2: Ball 3-2: Base on Balls Roberto Ruiz to second
|
|
Pitching: RHP Alberto Cabrera
|
|
|
Batting: RHB Ben Politi
|
0-0: Swinging Strike 0-1: Foul Ball, location: 2F Balk! Roberto Ruiz to third Kyle Burns to second 0-2: Ball 1-2: Ball 2-2: Ball 3-2: Fly out, F2 (Popup, 23F, EV 90.6 MPH)
|
| Top of the 9th over - 0 runs, 0 hits, 0 errors, 2 left on base; State College 11 - Eugene 2 |
| BOTTOM OF THE 9TH |
|
Eugene Emeralds batting - Pitching for State College Spikes : RHP Howie Seidler
|
|
Pinch Hitting: RHB Bill Holmes
|
0-0: Ball 1-0: Ball 2-0: Ball 3-0: Called Strike 3-1: Foul Ball, location: 2F 3-2: SINGLE (Groundball, 6MD, EV 97.5 MPH)
|
|
Pinch Hitting: RHB Du Kim
|
0-0: Called Strike 0-1: Ball 1-1: Foul Ball, location: 2F 1-2: SINGLE (Groundball, 6MD, EV 98.1 MPH) Bill Holmes to second
|
|
Batting: LHB Emir Jalil
|
0-0: Ball 1-0: Single, Error in OF, E8, batter to second base (Line Drive, 8RS, EV 88.8 MPH) Bill Holmes scores Du Kim to third
|
|
Batting: RHB Ricky Ramirez
|
0-0: Ball 1-0: Ball 2-0: Called Strike 2-1: Swinging Strike 2-2: Foul Ball, location: 2F 2-2: Strikes out swinging
|
|
Batting: LHB Wing-tat Tai
|
0-0: Ball 1-0: Ball Wild Pitch! Du Kim scores Emir Jalil to third 2-0: Ball Passed Ball! Emir Jalil scores 3-0: Called Strike 3-1: Fly out, F7 (Flyball, 78M, EV 85.0 MPH)
|
|
Batting: RHB Mike Hill
|
0-0: Called Strike 0-1: Ball 1-1: Ball 2-1: Ball 3-1: Called Strike 3-2: Foul Ball, location: 2F 3-2: Foul Ball, location: 2F 3-2: Foul Ball, location: 2F 3-2: Foul Ball, location: 2F 3-2: Fly out, F3 (Line Drive, 3, EV 70.0 MPH)
|
| Bottom of the 9th over - 3 runs, 3 hits, 1 error, 0 left on base; State College 11 - Eugene 5 |
|